Match 47340654
Unlisted

Match 47340654
End
Panzerpioneer Squad
Selects Italian Infantry
250 Light Carrier
250 Light Carrier
Construct Light Support Kompanie
Combat Half-tracks
Advanced Field Repairs
Panzergrenadier Squad
Fire Support Elements
MG34 Team
Vehicle Survival Package
Selects Guastatori Squad
Selects Guastatori Squad
Selects Defensive Operations
Guastatori Squad
Flakvierling Half-track
Pak 38 Mechanized Group
Construct Panzerarmee Kommand
Selects Prepared Positions
Flak 36 Anti-tank Gun Team
Flak 36 Anti-tank Gun Team
Selects L6/40 Light Tank Combat Group
Selects Towed Cannone da 105/28 Field Howitzer
Flakvierling Half-track
꽃이에옹
76561199423112223
REX000威威
蟑螂恶霸
Sofia
7akm
JVM
DeVil»07
0
0

Comments sign in to comment!

No comments posted yet!